 Dungeon Crawl Stone Soup version 0.21.1-1-g345015fe64 (webtiles) character file.

994 KleinerIrrer the Covered (level 8, -2/59 HPs)
             Began as a Formicid Fighter on Mar 26, 2018.
             Was a Follower of the Shining One.
             Slain by an orc warrior
             ... wielding a +2 dire flail of crushing
              (18 damage)
             ... on level 5 of the Dungeon.
             The game lasted 00:07:38 (5763 turns).

KleinerIrrer the Covered (Formicid Fighter)         Turns: 5763, Time: 00:07:38

Health: -2/59      AC: 16    Str: 25    XL:     8   Next: 42%
Magic:  8/8        EV:  9    Int: 11    God:    the Shining One [*.....]
Gold:   215        SH: 11    Dex: 10    Spells: 7/7 levels left

rFire    + + .     SeeInvis +   r - +2 mace (protect)
rCold    . . .     Gourm    .   c - +0 shield
rNeg     . . .     Faith    .   t - +2 scale mail {rF+}
rPois    .         Spirit   .   (helmet unavailable)
rElec    .         Reflect  .   (no cloak)
rCorr    +         Harm     .   (no gloves)
MR       .....                  (no boots)
Stlth    ..........             (no amulet)
HPRegen  0.19/turn              w - ring of resist corrosion
MPRegen  0.11/turn              b - ring of protection from fire

@: mighty, protection aura, glowing
A: permanent stasis, dig shafts and tunnels, four strong arms, antennae 3
a: Dig, Shaft Self, Renounce Religion


You were on level 5 of the Dungeon.
You worshipped the Shining One.
The Shining One was aware of your devotion.
You were not hungry.

You visited 2 branches of the dungeon, and saw 7 of its levels.

You collected 215 gold pieces.

Inventory:

Hand Weapons
 a - a +0 war axe
 r - a +2 mace of protection (weapon)
Missiles
 v - 51 bolts
Armour
 c - a +0 shield (worn)
 p - a +0 plate armour
 t - a +2 scale mail of fire resistance (worn)
Jewellery
 b - a ring of protection from fire (right hand)
 m - an uncursed ring of flight
 w - a ring of resist corrosion (left hand)
 A - an uncursed ring of fire
Wands
 g - a wand of flame (30)
 o - a wand of polymorph (11)
 x - a wand of random effects (33)
Scrolls
 e - 2 scrolls of immolation {unknown}
 h - 2 scrolls of random uselessness {unknown}
 i - 4 scrolls of teleportation {unknown}
 j - 4 scrolls of remove curse
 k - a scroll of fog {unknown}
 l - a scroll of identify
 y - a scroll of enchant armour {unknown}
Potions
 d - a potion of might
 n - 2 potions of lignification
 q - 2 potions of curing
 s - a potion of resistance
 u - a potion of heal wounds {unknown}
 z - 2 potions of mutation
Books
 B - a book of Maledictions

   Spells                             Type                      Level
   a - Corona                         Hexes                        1
   b - Ensorcelled Hibernation        Hexes/Ice                    2
   c - Confuse                        Hexes                        3
   d - Tukima's Dance                 Hexes                        3
   e - Dazzling Spray                 Conjuration/Hexes            3
Comestibles
 f - 10 rations
 C - 7 chunks of flesh


   Skills:
 - Level 3.6 Fighting
 * Level 5.6 Axes
 * Level 7.1 Armour
 - Level 0.1 Dodging
 + Level 6.5 Shields


You had 7 spell levels left.
You didn't know any spells.

Dungeon Overview and Level Annotations

Branches:
Dungeon (6/15)             Temple (1/1) D:4

Altars:
Ashenzari
Cheibriados
Dithmenos
Elyvilon
Fedhas
Gozag
Makhleb
Nemelex Xobeh
Okawaru
Qazlal
Ru
Sif Muna
Uskayaw
Vehumet
Wu Jian
Yredelemnul
The Shining One


Innate Abilities, Weirdness & Mutations

You cannot be hasted, slowed, berserked, paralysed or teleported.
You can dig through walls and to a lower floor.
Your four strong arms can wield two-handed weapons with a shield.
You have a pair of large antennae on your head. (SInv)


Message History

Okay, then.
You sock the hound!
You kill the hound!
You block the jackal's attack.
You thump the jackal!
You kill the jackal!
You hit the orc warrior but do no damage.
The orc warrior hits you with a dire flail of crushing!
You hit the orc warrior but do no damage.
The orc warrior hits you but does no damage.
You hit the orc warrior.
The orc warrior is lightly wounded.
The orc warrior hits you with a dire flail of crushing!
* * * LOW HITPOINT WARNING * * *
You feel very mighty all of a sudden.
The orc warrior hits you but does no damage.
You hit the orc warrior.
The orc warrior is lightly wounded.
The orc warrior hits you with a dire flail of crushing!!
You die...

### #.# #.# ###
#.###### ##@#
#.##...###o##
##.......Oh##
###.........##
###...........#
..............# ###
..............# ##.#
.............## ###.##
...........(.######..##


You could see an orc warrior, an ogre and a jackal.

Vanquished Creatures
  The ghost of BrokenGlass the Sneak, a novice VSAs (D:5)
  A sky beast (D:5)
  An ogre (D:4)
  A howler monkey (D:3)
  A centaur zombie (D:5)
  A hound (D:5)
  Ijyb (D:3)
  2 jellies
  An iguana (D:4)
  Terence (D:3)
  4 worker ants
  Natasha (thrice) (D:3)
  A hound skeleton (D:4)
  Robin (D:3)
  5 adders
  A shadow imp (D:5)
  2 worms (D:3)
  2 dart slugs (D:3)
  4 leopard geckos
  5 orcs (D:3)
  A giant cockroach (D:1)
  21 goblins
  7 hobgoblins
  10 jackals
  6 kobolds
  A quokka (D:3)
  3 bats
  4 frilled lizards
  A leopard gecko zombie (D:5)
  12 rats
105 creatures vanquished.

Notes
Turn   | Place    | Note
-------+----------+-------------------------------------------
     0 | D:1      | KleinerIrrer the Formicid Fighter began the quest for the Orb.
     0 | D:1      | Reached XP level 1. HP: 18/18 MP: 1/1
   162 | D:1      | Reached XP level 2. HP: 21/24 MP: 2/2
  1023 | D:1      | Reached XP level 3. HP: 20/29 MP: 3/3
  1587 | D:2      | Reached XP level 4. HP: 21/36 MP: 4/4
  2302 | D:3      | Noticed Robin
  2310 | D:3      | Killed Robin
  2311 | D:3      | Reached skill level 4 in Armour
  2412 | D:3      | Reached XP level 5. HP: 41/41 MP: 5/5
  2428 | D:3      | Noticed Terence
  2452 | D:3      | Killed Terence
  2741 | D:3      | Noticed Natasha
  2748 | D:3      | Killed Natasha
  2877 | D:3      | Noticed Natasha
  2900 | D:3      | Killed Natasha
  2900 | D:3      | Reached XP level 6. HP: 30/47 MP: 6/6
  3116 | D:3      | Noticed Ijyb
  3145 | D:3      | Killed Ijyb
  3252 | D:3      | Noticed Natasha
  3262 | D:3      | Killed Natasha
  3283 | D:4      | Noticed an ogre
  3294 | D:4      | Killed an ogre
  3294 | D:4      | Reached skill level 5 in Axes
  3294 | D:4      | Reached skill level 5 in Armour
  3294 | D:4      | Reached skill level 5 in Shields
  3294 | D:4      | Reached XP level 7. HP: 8/52 MP: 7/7
  3562 | D:4      | Found a staircase to the Ecumenical Temple.
  3587 | Temple   | Entered the Ecumenical Temple
  3595 | Temple   | Became a worshipper of the Shining One
  3751 | D:4      | Found a white marble altar of Elyvilon.
  4662 | D:5      | Entered Level 5 of the Dungeon
  4803 | D:5      | Reached skill level 6 in Armour
  4839 | D:5      | Noticed BrokenGlass's ghost (novice VSAs)
  5060 | D:5      | Found a shadowy altar of Dithmenos.
  5221 | D:5      | Killed BrokenGlass's ghost
  5221 | D:5      | Reached XP level 8. HP: 59/59 MP: 8/8
  5332 | D:5      | Reached skill level 7 in Armour
  5540 | D:5      | Found an opulent altar of Gozag.
  5750 | D:6      | Reached * piety under the Shining One
  5763 | D:5      | Slain by an orc warrior

Skill      XL: |  1  2  3  4  5  6  7  8 |
---------------+-------------------------+-----
Shields        | 4 5 6 |  6.5
Axes           | 3 4 5 |  5.6
Armour         | 4 5 6 7 |  7.1
Fighting       | |  3.6
Dodging        | |  0.1

Action                   |  1- 3 |  4- 6 |  7- 9 || total
-------------------------+-------+-------+-------++-------
Melee: War axe           |   101 |    39 |       ||   140
       Mace              |       |   159 |   134 ||   293
  Use: Scroll            |       |       |     5 ||     5
       Potion            |       |       |     1 ||     1
  Eat: Chunk             |     2 |     6 |     2 ||    10
       Ration            |       |       |     2 ||     2
Armor: Scale mail        |    35 |    49 |    56 ||   140
       Plate armour      |       |    35 |       ||    35
Dodge: Dodged            |    36 |    35 |    42 ||   113
Block: Shield            |    54 |    83 |    94 ||   231
